 Dungeon Crawl Stone Soup version 0.27-a0-887-gcab673c142 (webtiles) character file.

Game seed: 4855973096202776027

156 Pith the Cudgeller (level 5, -5/67 HPs)
             Began as a Minotaur Berserker on Apr 4, 2021.
             Was a Priest of Trog.
             Slain by PeterLawrence's ghost (6 damage)
             ... on level 3 of the Dungeon.
             The game lasted 00:09:14 (3389 turns).

Pith the Cudgeller (Minotaur Berserker)             Turns: 3389, Time: 00:09:15

Health: -5/67      AC:  2    Str: 23    XL:     5   Next: 15%
Magic:  4/4        EV: 12    Int:  4    God:    Trog [***...]
Gold:   172        SH:  0    Dex:  9    Spells: 4/4 levels left

rFire    . . .     SeeInvis .   a - +0 mace
rCold    . . .     Faith    .   (no shield)
rNeg     . . .     Spirit   .   b - +0 animal skin
rPois    .         Reflect  .   (helmet restricted)
rElec    .         Harm     .   (no cloak)
rCorr    .         Rampage  .   (no gloves)
Will     .....                  (no boots)
Stlth    ..........             (no amulet)
HPRegen  0.21/turn              (no ring)
MPRegen  0.09/turn              (no ring)

@: berserking, very quick
A: horns 2, retaliatory headbutt
a: Renounce Religion, Berserk, Trog's Hand


You were on level 3 of the Dungeon.
You worshipped Trog.
Trog was most pleased with you.
You visited 1 branch of the dungeon, and saw 3 of its levels.

You collected 172 gold pieces.

Inventory:

Hand Weapons
 a - a +0 mace (weapon)
Armour
 b - a +0 animal skin (worn)
 c - a +0 ring mail
Jewellery
 g - a ring of protection from cold
Wands
 j - a wand of acid (12)
Scrolls
 h - a scroll of vulnerability {unknown}
 k - a scroll of teleportation {unknown}
 l - a scroll of noise {unknown}
Potions
 d - a potion of lignification
 e - 2 potions of attraction
 f - a potion of invisibility
 i - a potion of curing {unknown}
 m - a potion of ambrosia {unknown}


   Skills:
 - Level 3.6 Fighting
 + Level 7.1 Maces & Flails
 - Level 2.4 Armour
 - Level 2.1 Dodging


You had 4 spell levels left.
You didn't know any spells.
Your spell library contained the following spells:

 Spells                   Type           Power      Damage    Failure   Level
 Cause Fear               Hex            0%         N/A       99%         4
 Silence                  Hex/Air        0%         N/A       100%        5
 Summon Mana Viper        Hex/Summ       0%         N/A       100%        5
 Starburst                Conj/Fire      0%         8x6d3     100%        6


Dungeon Overview and Level Annotations

Branches:
Dungeon (3/15)

Altars:
Fedhas

Annotations:
D:3 PeterLawrence's ghost, amateur MiFi


Innate Abilities, Weirdness & Mutations

You have a pair of horns on your head.
You reflexively headbutt those who attack you in melee.


Message History

You see here 27 sling bullets.
An adder comes into view.
The adder hisses angrily.
The adder bites you but does no damage.
You hit the adder but do no damage. The adder bites you.
You closely miss the adder. Your headbutt misses the adder.
The adder closely misses you. The adder barely misses you.
You completely miss the adder. The adder barely misses you.
You furiously retaliate!
You headbutt the adder. You sock the adder!
You kill the adder!
Trog accepts your kill.
PeterLawrence's ghost turns its malevolent gaze towards you.
Found a ring mail.
Found a runed translucent door.
You open the door.
You hit PeterLawrence's ghost but do no damage.
You headbutt PeterLawrence's ghost!
PeterLawrence's ghost is lightly damaged.
PeterLawrence's ghost hits you!
A red film seems to cover your vision as you go berserk!
You feel yourself moving faster!
You feel mighty! PeterLawrence's ghost hits you.
You sock PeterLawrence's ghost!
PeterLawrence's ghost is moderately damaged.
PeterLawrence's ghost hits you!
You hit PeterLawrence's ghost but do no damage.
You headbutt PeterLawrence's ghost.
PeterLawrence's ghost is heavily damaged.
PeterLawrence's ghost hits you!
* * * LOW HITPOINT WARNING * * *
You hit PeterLawrence's ghost.
PeterLawrence's ghost is heavily damaged.
You hit PeterLawrence's ghost.
PeterLawrence's ghost is heavily damaged.
PeterLawrence's ghost hits you!
* * * LOW HITPOINT WARNING * * *
You hit PeterLawrence's ghost but do no damage.
PeterLawrence's ghost is heavily damaged.
PeterLawrence's ghost hits you.
You die...

######### .
........#########
# #.....@#.P# #
#.###..W[8# # #.#
#.# ##.#.P# # #.#
#.# ###### # #.#
#.# # #.# #.#
###.# #.# ....##
#.# ..#..#
#.#########


You could see PeterLawrence's ghost.

Vanquished Creatures
  5 adders
  3 worms (D:2)
  2 dart slugs (D:2)
  7 bats
  9 endoplasms
  3 giant cockroaches
  15 goblins
  10 hobgoblins
  9 jackals
  5 quokkas
  7 ball pythons
  2 frilled lizards
  A jackal skeleton (D:2)
  A kobold (D:1)
  10 rats
89 creatures vanquished.

Notes
Turn   | Place    | Note
-------+----------+-------------------------------------------
     0 | D:1      | Pith the Minotaur Berserker began the quest for the Orb.
     0 | D:1      | Reached XP level 1. HP: 19/19 MP: 0/0
    42 | D:1      | Reached skill level 4 in Maces & Flails
   243 | D:1      | Reached XP level 2. HP: 21/26 MP: 1/1
   651 | D:1      | Reached skill level 5 in Maces & Flails
   710 | D:1      | Reached XP level 3. HP: 15/31 MP: 2/2
   988 | D:1      | Found a faded altar of an unknown god.
  1391 | D:2      | Reached ** piety under Trog
  1700 | D:2      | Reached skill level 6 in Maces & Flails
  1700 | D:2      | Reached XP level 4. HP: 18/39 MP: 3/3
  2677 | D:3      | Identified the Guide on Entrancing Fire
  2926 | D:3      | Reached *** piety under Trog
  2927 | D:3      | Reached XP level 5. HP: 45/45 MP: 4/4
  3018 | D:3      | Reached skill level 7 in Maces & Flails
  3308 | D:3      | Found a blossoming altar of Fedhas.
  3376 | D:3      | Found a runed translucent door.
  3376 | D:3      | Noticed PeterLawrence's ghost (amateur MiFi)
  3388 | D:3      | HP: 1/67 [PeterLawrence's ghost (14)]
  3389 | D:3      | Slain by PeterLawrence's ghost

Illustrated notes

Levels and vault maps discovered:
D:1:      dpeg_arrival_rooms_with_view, layout_loops_ring,
          ebering_ecumenical_altar_hall, minmay_heptomino_d4
D:2:      minmay_razor_zed, layout_basic
D:3:      layout_loops_ring, fedhas_altar_2, gammafunk_ghost_grave

Skill      XL: |  1  2  3  4  5 |
---------------+----------------+-----
Maces & Flails | 4 5 6 7 |  7.1
Fighting       | |  3.6
Armour         | |  2.4
Dodging        | |  2.1

Action                   |  1- 3 |  4- 6 || total
-------------------------+-------+-------++-------
Melee: Mace              |    93 |    91 ||   184
       Headbutt          |     9 |     9 ||    18
Invok: Berserk           |       |     2 ||     2
  Use: Scroll            |     2 |     3 ||     5
 Stab: Sleeping          |       |     2 ||     2
Armor: Animal skin       |    18 |    10 ||    28
Dodge: Dodged            |    69 |    41 ||   110

Table legend: (Time is in decaauts)
 A = Elapsed time spent in this place.
 B = Non-inter-level travel time spent in this place.
 C = Inter-level travel time spent in this place.
 D = Time resting spent in this place.
 E = Time spent auto-exploring this place.
 F = Levels seen in this place.
 G = Mean time per level.
                   A        B        C        D        E       F      G
               +--------+--------+--------+--------+--------+-----+--------+
         Total |   3419 |   3419 |      0 |      0 |   2748 |   3 | 1139.7 |
       Dungeon |   3419 |   3419 |      0 |      0 |   2748 |   3 | 1139.7 |
               +--------+--------+--------+--------+--------+-----+--------+

Top non-repeatable levels by time:
     D:2: 1365 daAuts
     D:1: 1269 daAuts
     D:3: 785 daAuts
